 Dungeon Crawl Stone Soup version 0.27-a0-795-ge5c3fa52fd (webtiles) character file.

Game seed: 7444930485142921003

113358 Bapho the Brawler (level 16, 0/165 HPs)
             Began as a Troll Monk on Mar 27, 2021.
             Was a High Priest of Wu Jian.
             Slain by a ghost moth (shapeshifter) (6 damage)
             ... in a Gauntlet.
             The game lasted 01:14:24 (22935 turns).

Bapho the Brawler (Troll Monk)                     Turns: 22935, Time: 01:14:30

Health: 0/165      AC: 11    Str: 26 (28) XL:     16   Next: 13%
Magic:  0/15       EV: 17    Int:  6      God:    Wu Jian [*****.]
Gold:   2401       SH:  0    Dex: 18      Spells: 8/15 levels left

rFire    + + .     SeeInvis .     - Unarmed
rCold    + . .     Faith    .   (no shield)
rNeg     . . .     Spirit   +   M - +1 steam dragon scales
rPois    .         Reflect  .   l - +2 hat
rElec    .         Harm     .   U - scarf {rC+ rF+}
rCorr    .         Rampage  .   (gloves unavailable)
Will     +....     NoTele   +   (boots unavailable)
Stlth    ++........             z - amulet of guardian spirit
HPRegen  1.37/turn              p - +6 ring of dexterity
MPRegen  0.14/turn              I - ring of protection from fire

@: no status effects
A: large, unfitting armour, claws 3, regeneration 1, shaggy fur 1, tough skin 1
a: Renounce Religion, Wall Jump, Serpent's Lash, Heavenly Storm


You were in a Gauntlet.
You worshipped Wu Jian.
Wu Jian was extremely pleased with you.
You visited 4 branches of the dungeon, and saw 22 of its levels.
You also visited: Sewer, Gauntlet and Ice Cave.

You collected 2639 gold pieces.
You spent 238 gold pieces at shops.

Inventory:

Hand Weapons
 E - a +2 scimitar of flaming
Missiles
 c - 465 stones (quivered)
 j - 6 curare-tipped darts
 D - 53 poisoned darts
 F - 12 large rocks
Armour
 l - a +2 hat (worn)
 q - a +2 cloak of preservation
 M - +1 steam dragon scales (worn)
 U - a scarf of resistance (worn)
Jewellery
 f - a ring of flight
 m - a ring of ice
 p - a +6 ring of dexterity (left claw)
 r - the ring "Icyuq" {*Corrode rElec rC+ Slay+5 Stlth+}
   (You found it on level 7 of the Dungeon)

   [ring of protection from cold]

   It affects your accuracy and damage with ranged weapons and melee attacks
   (+5).
   It protects you from cold.
   It insulates you from electricity.
   It may corrode you when you take damage.
   It makes you more stealthy.
 z - an amulet of guardian spirit (around neck)
 H - a ring of see invisible
 I - a ring of protection from fire (right claw)
 N - a +6 ring of strength
 R - a +6 ring of dexterity
 S - a +4 ring of slaying
 X - a ring of resist corrosion
Wands
 b - a wand of iceblast (30)
 n - a wand of digging (15)
 B - a wand of paralysis (6)
 J - a wand of flame (11)
 K - a wand of acid (9)
 Z - a wand of mindburst (15)
Scrolls
 i - 4 scrolls of noise
 u - 4 scrolls of enchant weapon
 v - 6 scrolls of teleportation
 A - 4 scrolls of amnesia
 O - 3 scrolls of identify
 P - a scroll of summoning
 Q - 2 scrolls of holy word
 V - 2 scrolls of brand weapon
 W - 2 scrolls of enchant armour
 Y - 2 scrolls of fear
Potions
 a - a potion of magic
 d - 3 potions of heal wounds
 e - 7 potions of lignification
 g - 2 potions of resistance
 o - 12 potions of curing
 s - 3 potions of invisibility
 t - a potion of mutation
 w - a potion of might
 x - 3 potions of brilliance
 C - 3 potions of flight
 G - 5 potions of haste
Miscellaneous
 T - a tin of tremorstones (2/2)


   Skills:
 + Level 11.7 Fighting
 - Level 2.8 Throwing
 - Level 7.3 Armour
 + Level 11.8 Dodging
 - Level 1.0 Stealth
 - Level 20.1 Unarmed Combat


You had 8 spell levels left.
You knew the following spells:

 Your Spells              Type           Power      Damage    Failure   Level
a - Blink                 Tloc           N/A        N/A       58%         2
b - Manifold Assault      Tloc           0%         N/A       100%        5

Your spell library contained the following spells:

 Spells                   Type           Power      Damage    Failure   Level
 Animate Skeleton         Necr           0%         N/A       45%         1
 Foxfire                  Conj/Fire      0%         2x1d4     45%         1
 Pain                     Necr           0%         1d4       45%         1
 Shock                    Conj/Air       0%         1d3       45%         1
 Swiftness                Air            0%         N/A       58%         2
 Conjure Flame            Conj/Fire      0%         6-21      83%         3
 Gell's Gravitas          Tloc           0%         N/A       83%         3
 Ignite Poison            Fire/Tmut/Pois 0%         N/A       83%         3
 Inner Flame              Hex/Fire       0%         N/A       83%         3
 Lesser Beckoning         Tloc           0%         N/A       83%         3
 Static Discharge         Conj/Air       0%         N/A       83%         3
 Summon Guardian Golem    Hex/Summ       0%         N/A       83%         3
 Teleport Other           Tloc           0%         N/A       83%         3
 Vampiric Draining        Necr           0%         2d6       83%         3
 Airstrike                Air            0%         N/A       99%         4
 Animate Dead             Necr           0%         N/A       99%         4
 Cause Fear               Hex            0%         N/A       99%         4
 Sticky Flame             Conj/Fire      0%         2d3       99%         4
 Summon Ice Beast         Ice/Summ       0%         N/A       99%         4
 Summon Lightning Spire   Summ/Air       0%         N/A       99%         4
 Agony                    Necr           0%         N/A       100%        5
 Bolt of Magma            Conj/Fire/Erth 0%         4d4       100%        5
 Fireball                 Conj/Fire      0%         3d3       100%        5
 Iskenderun's Battlesphe  Conj           0%         2d6       100%        5
 Lightning Bolt           Conj/Air       0%         1d11      100%        5
 Silence                  Hex/Air        0%         N/A       100%        5
 Yara's Violent Unravell  Hex/Tmut       0%         3d3       100%        5
 Iron Shot                Conj/Erth      0%         9d1       100%        6
 Starburst                Conj/Fire      0%         8x6d3     100%        6
 Orb of Destruction       Conj           0%         N/A       100%        7
 Spellforged Servitor     Conj/Summ      0%         N/A       100%        7
 Discord                  Hex            0%         N/A       100%        8
 Ignition                 Fire           0%         3d3       100%        8
 Dragon's Call            Summ           0%         N/A       100%        9


Dungeon Overview and Level Annotations

Branches:
Dungeon (13/15)            Temple (1/1) D:5            Lair (6/6) D:11
 Shoals (0/4) Lair:2       Spider (0/4) Lair:2        Slime (0/5) Lair:6
    Orc (2/2) D:10            Elf (0/3) Orc:2         Sewer (visited)
  IceCv (visited)         Gauntlet (1/1)
 Vaults: D:13-14

Altars:
Ashenzari
Cheibriados
Dithmenos
Elyvilon
Fedhas
Gozag
Hepliaklqana
Kikubaaqudgha
Makhleb
Nemelex Xobeh
Okawaru
Qazlal
Ru
Sif Muna
Trog
Uskayaw
Vehumet
Wu Jian
Xom
Yredelemnul
Zin
The Shining One
Beogh

Shops:
D:3 =   D:5 :   D:8 (   Orc:2 [(

Annotations:
D:7 2 runed translucent doors
D:11 3 runed translucent doors Gauntlet 8 transporters, exclusion: ice statue


Innate Abilities, Weirdness & Mutations

You are too large for most types of armour.
You have claws for hands.
Your natural rate of healing is unusually fast.
You are covered in fur. (AC +1)
You have tough skin. (AC +1)


Message History

Something poisons you!
You claw something! x2
* * * LOW HITPOINT WARNING * * *
You feel extremely sick.
Okay, then.
Blink to where?
Press: ? - help, Dir - move target
As you read the scroll of blinking, it crumbles to dust.
You feel sick.
You feel much better.
You feel sick.
You feel you are being watched by something.
You feel your power leaking away.
You can't go down here!
You can't go up here!
You feel sick.
You feel you are being watched by something.
You feel sick.
You are no longer poisoned.
Something barely misses you. Something hits you!
* * * LOW HITPOINT WARNING * * *
Something stings you but does no damage.
You feel you are being watched by something.
Something hits you!
* * * LOW HITPOINT WARNING * * *
Something barely misses you. Something stings you!
* * * LOW HITPOINT WARNING * * *
There is a transporter here.
You enter the transporter and appear at another place.
You feel less exhausted.
You feel you are being watched by something.
You feel your power leaking away. Something completely misses you.
Something hits you but does no damage.
Something stings you but does no damage.
You start resting.
Something hits you!
* * * LOW HITPOINT WARNING * * *
Something hits you!
* * * LOW HITPOINT WARNING * * *
You feel weakened. Something stings you.
You die...

#..#.≈.≈≈.≈≈.#...#..#####
###..#≈.≈..†≈..#...#..##.##
#8#..#≈..≈©≈.≈≈#...#....©..
###..#.≈.≈≈≈.≈.#...#..##.##
#..#.≈≈...≈..#...#..#####
###..#.≈...≈.≈.#...#.#..8..
#8#..#?.≈.§[.≈.#...#..!=©..
###..###########...########
#.....#.@.#....≈....#.©.#
###...8.#...#...≈8§§..#...#
#8#.....#.©.#....≈....#.©.#
###..###########...########
#..#.........#...#J...#..
###..#.##...##.#...#...#P#.
#8#..#.#.###.#.#...#..#P©P#
###..#..##.##..#...#.#..#.P
#..#....©....#...##..#P#.


There were no monsters in sight!

Vanquished Creatures
  Jorgrun (D:12)
  Gastronok (Lair:2)
  Kirke (D:12)
  A shadow dragon (shapeshifter) (Gauntlet)
  A frost giant (IceCv)
  2 orc warlords (Orc:2)
  Azrael (D:12)
  Harold (D:7)
  4 boulder beetles
  Erolcha (Orc:2)
  4 hydras
  4 catoblepae (Lair:6)
  2 two-headed ogres
  An orc high priest (Orc:2)
  15 death yaks
  Nergalle (D:10)
  A fire crab (Gauntlet)
  A harpy (shapeshifter) (Gauntlet)
  2 orc knights (Orc:2)
  An ugly thing (D:7)
  2 deep elf pyromancers
  3 manticores
  4 orc sorcerers (Orc:2)
  8 slime creatures
  4 oklob plants (Lair:4)
  2 cyclopes
  6 black mambas
  An ice statue (IceCv)
  12 elephants
  Maurice (D:10)
  A gargoyle (D:12)
  10 cane toads
  3 unseen horrors
  4 rime drakes
  2 kobold demonologists (D:7)
  6 komodo dragons
  3 tyrant leeches (D:12)
  9 trolls
  3 meliai (D:12)
  19 polar bears
  A hornet (Lair:4)
  18 blink frogs
  A snapping turtle (Lair:2)
  108 yaks
  3 shadows
  3 wyverns
  A yak (shapeshifter) (D:13)
  2 vampires (D:12)
  4 fire elementals (D:12)
  4 basilisks
  2 fire bats (Gauntlet)
  2 wraiths
  3 hogs (D:12)
  5 vampire mosquitoes (D:12)
  A steam dragon (D:9)
  Edmund (D:5)
  3 wargs
  4 hell hounds (D:12)
  17 water moccasins
  An ice beast (D:5)
  A hornet zombie (D:7)
  32 orc warriors
  2 sky beasts
  44 wolves
  9 ogres
  3 phantoms
  7 centaurs
  9 bullfrogs
  A wyvern zombie (D:6)
  2 water moccasin zombies
  2 scorpions
  A wyvern skeleton (D:3)
  A water moccasin skeleton (D:4)
  2 troll zombies (D:10)
  7 killer bees (D:7)
  An electric eel (Lair:1)
  5 howler monkeys
  2 bullfrog zombies (D:6)
  A bullfrog skeleton (D:6)
  6 centaur zombies
  5 hounds
  A jelly (D:5)
  20 orc priests
  A centaur skeleton (D:7)
  5 gnoll shamans
  3 iguanas
  22 orc wizards
  Natasha (D:3)
  4 ogre zombies (D:10)
  A hound zombie (D:5)
  A howler monkey zombie (D:9)
  22 gnolls
  4 river rats (Sewer)
  19 adders
  A white imp (D:8)
  2 ufetubi
  2 worms
  79 orcs
  5 endoplasms
  3 giant cockroaches
  7 goblins
  4 hobgoblins
  A jackal (D:1)
  21 kobolds
  A quokka (D:4)
  11 ball pythons
  4 bats
  2 frilled lizards
  3 goblin skeletons (D:10)
  3 goblin zombies (D:10)
  A hobgoblin skeleton (D:10)
  2 hobgoblin zombies (D:10)
  10 orc zombies (D:10)
  25 rats
  A butterfly (Lair:3)
  A plant (Lair:4)
769 creatures vanquished.

Vanquished Creatures (others)
  2 yaks
  A centaur (D:12)
  A wolf (IceCv)
  33 fungi
  104 plants
141 creatures vanquished.

Grand Total: 910 creatures vanquished

Notes
Turn   | Place    | Note
-------+----------+-------------------------------------------
     0 | D:1      | Bapho the Troll Monk began the quest for the Orb.
     0 | D:1      | Reached XP level 1. HP: 22/22 MP: 0/0
   293 | D:1      | Reached XP level 2. HP: 29/29 MP: 1/1
   415 | D:1      | Found a stormy altar of Qazlal.
   792 | D:1      | Reached skill level 4 in Unarmed Combat
  1009 | D:2      | Reached XP level 3. HP: 36/36 MP: 2/2
  1850 | D:3      | Reached skill level 5 in Unarmed Combat
  1850 | D:3      | Reached XP level 4. HP: 41/44 MP: 3/3
  1986 | D:3      | Noticed Natasha
  1995 | D:3      | Killed Natasha
  1996 | D:3      | Reached XP level 5. HP: 47/50 MP: 4/4
  2138 | D:3      | Found Odyage Sucw's Jewellery Boutique.
  2823 | D:4      | Reached skill level 6 in Unarmed Combat
  3341 | D:4      | Reached XP level 6. HP: 59/59 MP: 5/5
  3508 | D:4      | Reached skill level 7 in Unarmed Combat
  3878 | D:4      | Identified a scroll of acquirement
  3878 | D:4      | Acquired a manual of Dodging
  3921 | D:5      | Entered Level 5 of the Dungeon
  3933 | D:5      | Found a staircase to the Ecumenical Temple.
  3937 | D:5      | Noticed a water moccasin
  3945 | D:5      | Killed a water moccasin
  3950 | D:5      | Noticed Edmund
  3953 | D:5      | Reached skill level 8 in Unarmed Combat
  3953 | D:5      | Reached XP level 7. HP: 26/66 MP: 6/6
  4000 | D:5      | Killed Edmund
  4017 | Temple   | Entered the Ecumenical Temple
  4186 | Temple   | Became a worshipper of the Wu Jian Council
  4186 | Temple   | Reached * piety under Wu Jian
  4186 | Temple   | Reached ** piety under Wu Jian
  4381 | D:4      | HP: 1/66 [orc warrior/+2 trident of freezing (6)]
  4427 | D:5      | Reached skill level 9 in Unarmed Combat
  4686 | D:5      | Found Qokoffab's Book Shop.
  4739 | D:5      | Reached XP level 8. HP: 73/74 MP: 7/7
  4809 | D:5      | Reached skill level 10 in Unarmed Combat
  5311 | D:6      | Found a glowing drain.
  5322 | Sewer    | Entered a sewer
  5460 | Sewer    | Reached *** piety under Wu Jian
  5627 | Sewer    | Reached skill level 5 in Dodging
  6220 | D:6      | Found a shimmering blue altar of Sif Muna.
  6300 | D:6      | Reached skill level 11 in Unarmed Combat
  6319 | D:6      | Reached **** piety under Wu Jian
  6768 | D:7      | Reached XP level 9. HP: 52/80 MP: 4/8
  6941 | D:7      | Found a large runed translucent door.
  6941 | D:7      | Found a large runed translucent door.
  6969 | D:7      | Noticed a boulder beetle
  6983 | D:7      | Killed a boulder beetle
  6984 | D:7      | Reached skill level 12 in Unarmed Combat
  7040 | D:7      | Noticed a kobold demonologist
  7040 | D:7      | Noticed a kobold demonologist
  7107 | D:7      | Found a large runed translucent door.
  7152 | D:7      | Noticed Harold
  7160 | D:7      | Killed Harold
  7161 | D:7      | Reached skill level 5 in Fighting
  7257 | D:7      | Reached XP level 10. HP: 96/96 MP: 9/9
  7281 | D:7      | Found a large runed translucent door.
  7308 | D:7      | Found a glowing golden altar of the Shining One.
  7414 | D:7      | Found a shadowy altar of Dithmenos.
  7477 | D:7      | Noticed a cyan ugly thing
  7498 | D:7      | Killed a cyan ugly thing
  7727 | D:7      | Reached skill level 13 in Unarmed Combat
  7736 | D:7      | Identified the ring "Icyuq" {*Corrode rElec rC+ Slay+5
                  | Stlth+}
  7992 | D:8      | Noticed a two-headed ogre
  8002 | D:8      | Killed a two-headed ogre
  8203 | D:8      | Found a radiant altar of Vehumet.
  8266 | D:8      | Found Nicamena's Weapon Shop.
  9312 | D:9      | Found a glowing golden altar of the Shining One.
  9454 | D:9      | Found a snail-covered altar of Cheibriados.
  9454 | D:9      | Found a stormy altar of Qazlal.
  9715 | D:10     | Entered Level 10 of the Dungeon
  9751 | D:10     | Noticed Maurice
  9755 | D:10     | Killed Maurice
  9756 | D:10     | Reached XP level 11. HP: 109/109 MP: 10/10
  9771 | D:10     | Found a staircase to the Orcish Mines.
  9836 | D:10     | Reached skill level 14 in Unarmed Combat
  9953 | D:10     | Reached ***** piety under Wu Jian
 10017 | D:10     | Noticed Nergalle
 10019 | D:10     | Killed Nergalle
 10019 | D:10     | Reached skill level 1 in Armour
 10956 | D:10     | Reached skill level 15 in Unarmed Combat
 10956 | D:10     | Reached XP level 12. HP: 118/118 MP: 11/11
 11033 | Orc:1    | Entered Level 1 of the Orcish Mines
 11693 | Orc:2    | Entered Level 2 of the Orcish Mines
 11736 | Orc:2    | Noticed an orc warlord
 11891 | Orc:2    | Noticed Erolcha
 11992 | Orc:2    | Killed Erolcha
 11993 | Orc:2    | Reached skill level 16 in Unarmed Combat
 11993 | Orc:2    | Reached XP level 13. HP: 124/124 MP: 12/12
 11995 | Orc:2    | Killed an orc warlord
 12072 | Orc:2    | Found a staircase to the Elven Halls.
 12240 | Orc:2    | Paralysed by an orc sorcerer for 3 turns
 12250 | Orc:2    | HP: 2/118 [orc knight/+1 antimagic war axe (13)]
 12538 | Orc:2    | Noticed an orc warlord
 12543 | Orc:2    | Killed an orc warlord
 12545 | Orc:2    | Reached skill level 17 in Unarmed Combat
 12582 | Orc:2    | Found Leocw's Antique Armour Emporium.
 12585 | Orc:2    | Found Roujoc's Antique Weapon Shoppe.
 12663 | Orc:2    | Bought a glowing hat for 238 gold pieces
 13033 | D:11     | Found a staircase to the Lair.
 13473 | D:11     | Reached skill level 18 in Unarmed Combat
 13494 | D:11     | Found a runed translucent gate.
 13496 | D:11     | Found a runed translucent gate.
 13497 | D:11     | Found a runed translucent gate.
 13499 | D:11     | Noticed a green very ugly thing
 13742 | Lair:1   | Entered Level 1 of the Lair of Beasts
 15012 | Lair:2   | Found a staircase to the Shoals.
 15187 | Lair:2   | Reached XP level 14. HP: 98/137 MP: 10/13
 15294 | Lair:2   | Found a hole to the Spider Nest.
 15701 | Lair:2   | Noticed Gastronok
 15730 | Lair:2   | Killed Gastronok
 16085 | Lair:2   | Learned a level 2 spell: Blink
 16091 | Lair:2   | Learned a level 5 spell: Manifold Assault
 16843 | Lair:3   | Reached skill level 19 in Unarmed Combat
 17678 | Lair:4   | Reached skill level 20 in Unarmed Combat
 19365 | Lair:6   | Entered Level 6 of the Lair of Beasts
 19385 | Lair:6   | Reached skill level 1 in Throwing
 19579 | Lair:6   | Reached XP level 15. HP: 140/146 MP: 12/14
 19686 | Lair:6   | Found a frozen archway.
 19694 | IceCv    | Entered an ice cave
 19906 | IceCv    | Reached ****** piety under Wu Jian
 20099 | IceCv    | Reached skill level 10 in Fighting
 20500 | IceCv    | Noticed a frost giant
 20516 | IceCv    | Reached skill level 10 in Dodging
 20541 | IceCv    | Killed a frost giant
 20974 | Lair:6   | Found a staircase to the Slime Pits.
 21610 | D:12     | Noticed Jorgrun
 21614 | D:12     | Killed Jorgrun
 21645 | D:12     | Identified Asmodeus's Handbook of the Escort
 21874 | D:12     | Noticed Azrael
 21883 | D:12     | Killed Azrael
 21912 | D:12     | Found the +8 Vampire's Tooth {vamp}
 22058 | D:12     | Noticed Kirke
 22071 | D:12     | Killed Kirke
 22276 | D:12     | Reached XP level 16. HP: 163/163 MP: 15/15
 22541 | D:13     | Found a gate leading to a gauntlet.
 22554 | Gauntlet | Entered a Gauntlet
 22554 | Gauntlet | Found a transporter.
 22554 | Gauntlet | Found a transporter.
 22554 | Gauntlet | Found a transporter.
 22558 | Gauntlet | Found a transporter.
 22560 | Gauntlet | Found a transporter.
 22570 | Gauntlet | Found a transporter.
 22572 | Gauntlet | Found a transporter.
 22586 | Gauntlet | Found a transporter.
 22672 | Gauntlet | Found a transporter.
 22682 | Gauntlet | Found a transporter.
 22686 | Gauntlet | Found a transporter.
 22696 | Gauntlet | Found a transporter.
 22782 | Gauntlet | Noticed an acid blob
 22824 | Gauntlet | Noticed an iron giant
 22824 | Gauntlet | an acid blob changed into an iron giant
 22895 | Gauntlet | Noticed a caustic shrike
 22900 | Gauntlet | a caustic shrike changed into a frost giant
 22917 | Gauntlet | Noticed a shadow dragon
 22917 | Gauntlet | a frost giant changed into a shadow dragon
 22922 | Gauntlet | Killed a shadow dragon
 22935 | Gauntlet | HP: 6/165 [something (7)]
 22935 | Gauntlet | Slain by a ghost moth (shapeshifter)

Illustrated notes

Levels and vault maps discovered:
D:1:      shiori_arrival_elements, layout_basic, minmay_hexomino_r4
D:2:      layout_basic
D:3:      layout_rooms, serial_shops, nicolae_shop_crystal,
          serial_co_window_serial, co_window_paths_a, co_window_corner_a,
          co_window_paths_a, co_window_cross_1, co_window_corner_a,
          co_window_broadway_a, co_window_2corner, co_window_cross_4,
          co_window_corner_b, co_window_broadway_a, co_window_corner_b,
          co_window_paths_d, co_window_paths_e, glass_columns_c,
          glass_columns_a, glass_columns_b, kennysheep_generic_room_10,
          uniq_natasha
D:4:      layout_layer_cave, minmay_misc_feat_x, serial_bayou_pond_d,
          kennysheep_generic_room_8
D:5:      layout_loops_cross, minmay_temple_entry_mist, serial_shops, shop,
          hangedman_decor_clover_reticule, uniq_edmund
D:6:      layout_rooms, old_standard_altar, cheibrodos_sewer_entry_bend
D:7:      layout_rooms, grunt_dithmenos_shadows, basic_altar,
          minmay_hollow_rounded_squares, uniq_harold
D:8:      layout_layer_cave, nicolae_vehumet_radiance, serial_shops,
          nicolae_shop_crystal
D:9:      layout_rooms, general_overflow_altar,
          gammafunk_temple_overflow_elements
D:10:     layout_loops_ring, zombieorc1_lemuel, serial_bayou_pond_e,
          uniq_nergalle, uniq_maurice
D:11:     layout_roguey [special_room_orc], lair_entry_dummy,
          ploomutoo_gammafunk_ghost_potion_laboratory, serial_glass,
          glass_columns_a, glass_columns_a
D:12:     layout_rooms, minmay_guarded_unrand_vampires_tooth, uniq_jorgrun,
          uniq_kirke, uniq_azrael
D:13:     layout_loops_cross, david_vaults_2, gauntlet_entry_generic,
          minivault_20, st_stairs_4
Temple:   eino_temple_scatter_basement
Lair:1:   beast_lair_carwin_large_3, layout_cave_pods, serial_bayou_shore_a,
          grunt_megastairs_2
Lair:2:   layout_cave_pods, minmay_shoals_entry_hut,
          spider_nest_entry_web_field, uniq_gastronok
Lair:3:   layout_small_grid
Lair:4:   minmay_lair_venomous_thicket, layout_cave_pods,
          cheibrodos_lair_lostbears, minmay_lair_oklob_chamber,
          lemuel_fruit_fields
Lair:5:   layout_roguey, lemuel_another_geyser
Lair:6:   evilmike_catoblepas_cave, layout_long_grid, dpeg_slime_entry_corner,
          portal_ice_cave_rime
Orc:1:    layout_caves
Orc:2:    grunt_orc_community_town_hall, layout_caves,
          grunt_orc_community_big_house_2, grunt_orc_community_big_house_2,
          grunt_orc_community_house_3, grunt_orc_community_house_3,
          grunt_orc_community_house_3, grunt_orc_community_house_3,
          grunt_orc_community_house_1, grunt_orc_community_house_2, uniq_erolcha
Gauntlet: gammafunk_gauntlet_hard_choice [gammafunk_gauntlet_arena_spirals,
          nicolae_gauntlet_arena_grate_2, nicolae_gauntlet_arena_flowing_pool,
          nicolae_gauntlet_arena_blocks, gammafunk_gauntlet_arena_corners,
          gammafunk_gauntlet_arena_arrow_garden, gauntlet_exit_hidden_loot]

Skill      XL: |  1  2  3  4  5  6  7  8  9 10 11 12 13 14 15 |
---------------+----------------------------------------------+-----
Unarmed Combat | 4 5 6 8 9 11 12 13 15 16 18 20 | 20.1
Dodging        | 5 6 7 8 11 | 11.8
Fighting       | 5 7 8 9 11 | 11.7
Armour         | 7 |  7.3
Throwing       | 2 |  2.8
Stealth        | |  1.0

Action                   |  1- 3 |  4- 6 |  7- 9 | 10-12 | 13-15 | 16-18 || total
-------------------------+-------+-------+-------+-------+-------+-------++-------
Melee: Unarmed           |    74 |    73 |   281 |   401 |  1185 |    60 ||  2074
       Punch             |       |     4 |    16 |    51 |   166 |    17 ||   254
       Long sword        |       |       |       |       |    25 |       ||    25
Throw: Stone             |    96 |    82 |   137 |   138 |   334 |    16 ||   803
Invok: Lunge             |       |       |    24 |    41 |    77 |     4 ||   146
       Whirlwind         |       |       |     9 |    36 |   158 |     4 ||   207
       Serpent's Lash    |       |       |     2 |     8 |    16 |     4 ||    30
       Heavenly Storm    |       |       |       |       |     3 |       ||     3
 Abil: Wall Jump         |       |       |       |     3 |    11 |     3 ||    17
  Use: Scroll            |     2 |     6 |     6 |     8 |    10 |     2 ||    34
       Potion            |       |       |     1 |     5 |     4 |     1 ||    11
 Stab: Sleeping          |       |       |     1 |     4 |     1 |       ||     6
       Distracted        |       |       |     1 |     1 |     2 |       ||     4
       Held in net/web   |       |       |       |       |     1 |       ||     1
Armor: Robe              |    18 |     8 |    38 |     9 |       |       ||    73
       Steam dragon scal |       |       |       |    93 |   285 |    11 ||   389
Dodge: Dodged            |    34 |    29 |   140 |   197 |   495 |    28 ||   923
       Rpst.: Long sword |       |       |       |       |     9 |       ||     9

Table legend: (Time is in decaauts)
 A = Elapsed time spent in this place.
 B = Non-inter-level travel time spent in this place.
 C = Inter-level travel time spent in this place.
 D = Time resting spent in this place.
 E = Time spent auto-exploring this place.
 F = Levels seen in this place.
 G = Mean time per level.
                   A        B        C        D        E       F      G
               +--------+--------+--------+--------+--------+-----+--------+
         Total |  22680 |  21665 |   1015 |    807 |  16361 |  25 |  907.2 |
       Dungeon |  12082 |  11488 |    594 |    432 |   8954 |  13 |  929.4 |
        Temple |    179 |    169 |     10 |      0 |    159 |   1 |  179.0 |
          Lair |   6795 |   6439 |    356 |    138 |   5168 |   6 | 1132.5 |
  Orcish Mines |   1519 |   1465 |     54 |    221 |    730 |   2 |  759.5 |
         Sewer |    845 |    845 |      0 |      0 |    607 |   1 |  845.0 |
      Ice Cave |    883 |    883 |      0 |     16 |    587 |   1 |  883.0 |
      Gauntlet |    374 |    374 |      0 |      0 |    155 |   1 |  374.0 |
               +--------+--------+--------+--------+--------+-----+--------+

Top non-repeatable levels by time:
    D:10: 1448 daAuts
     D:8: 1360 daAuts
  Lair:4: 1304 daAuts
     D:4: 1268 daAuts
  Lair:2: 1206 daAuts
  Lair:1: 1189 daAuts
  Lair:5: 1095 daAuts
     D:7: 1059 daAuts
  Lair:6: 1040 daAuts
     D:5: 1027 daAuts
     D:3: 1026 daAuts
  Lair:3: 960 daAuts
     D:2: 916 daAuts
    D:11: 906 daAuts
   IceCv: 883 daAuts
